 Dungeon Sprint DCSS version 0.16-a0-3761-g2321f2b (console) character file.

3455 Monkaria the Brawler (level 9, -2/96 HPs)
             Began as a Troll Monk on Jan 24, 2015.
             Was a High Priest of Makhleb.
             Slain by an unseen horror (5 damage)
             ... in the Dungeon (Sprint I: "Red Sonja").
             The game lasted 00:04:12 (942 turns).

Monkaria the Brawler (Troll Monk)                    Turns: 942, Time: 00:04:12

Health: -2/96      AC:  6    Str: 24    XL:     9   Next: 78%
Magic:  4/4        EV: 13    Int:  6    God:    Makhleb [*****.]
Gold:   650        SH:  0    Dex: 12    Spells: 0 memorised, 8 levels left

rFire  . . .     SeeInvis .       - Unarmed
rCold  . . .     Clarity  .     c - +1 robe {MR+}
rNeg   . . .     SustAb   .     (shield restricted)
rPois  .         Gourm    +     (helmet restricted)
rElec  .         Spirit   .     (no cloak)
rCorr  .         Warding  .     (gloves unavailable)
rMut   .         NoTele   +     (boots unavailable)
MR     +....                    (no amulet)
Stlth  +.........               (no ring)
                                (no ring)

@: very slightly contaminated, hasted, very quick, somewhat resistant to hostile
enchantments, very unstealthy
A: unfitting armour, claws 3, fast metabolism 3, gourmand, regeneration 2,
shaggy fur 1, tough skin 2
a: Minor Destruction, Lesser Servant of Makhleb, Major Destruction, Greater
Servant of Makhleb, Renounce Religion


You were in the Dungeon.
You worshipped Makhleb.
Makhleb was extremely pleased with you.
You were not hungry.

You visited 1 branch You collected 650 gold pieces.

Inventory:

Armour
 a - a +0 robe
 c - a +1 robe of magic resistance (worn)
Scrolls
 h - a scroll of amnesia {unknown}
Potions
 f - 2 potions of magic
Comestibles
 b - 2 meat rations
 g - a beef jerky


   Skills:
 - Level 7.9 Fighting
 + Level 8.2 Dodging
 - Level 1.1 Stealth
 - Level 18.0 Unarmed Combat


You had 8 spell levels left.
You didn't know any spells.

Dungeon Overview and Level Annotations

Branches:
Dungeon (1/1)

Altars:
Cheibriados
Dithmenos
Elyvilon
Fedhas
Gozag
Kikubaaqudgha
Makhleb
Nemelex Xobeh
Okawaru
Qazlal
Ru
Sif Muna
Trog
Vehumet
Xom
Yredelemnul
Zin
The Shining One
Jiyva

Shops:
D (


Innate Abilities, Weirdness & Mutations

You are too large for most types of armour.
You have claws for hands.
Your metabolism is lightning-fast.
You like to eat raw meat.
You heal very quickly.
You are covered in fur (AC +1).
You have very tough skin (AC +2).


Message History

Unknown command.
Unknown command.
Drink which item? (? for menu, Esc to quit)
You feel yourself speed up. Something hits you.
* * * LOW HITPOINT WARNING * * *
You are very lightly contaminated with residual magic.
Something hits you but does no damage.
There is an open door here.
You see here a trapdoor spider corpse.
Something hits you!
* * * LOW HITPOINT WARNING * * *
Something hits you.
* * * LOW HITPOINT WARNING * * *
There is an open door here.
Something hits you.
* * * LOW HITPOINT WARNING * * *
Something is blocking the doorway!
Something hits you.
* * * LOW HITPOINT WARNING * * *
Something barely misses you. Something hits you.
You die...

###################
).#.)'..#__#..+)..#
..'..#..'..'..#)..##+#
#'#####'#__####..sss.#
..#...#.####§.#####s.+
###..##.#§§§§§#§.# ##
__##'#..'≈)§§§§..#
...'..._#≈≈§§§#§§#
._##_.#'##+#####@###
__###+#.# #.†.# ###
### ###.# #†#
##########§#
#....§.§##§#
#......§§§§#
#+++######§#
#JJJJ.§..#§#


There were no monsters in sight!

Vanquished Creatures
  2 centaur warriors (D)
  An oklob plant (D)
  2 kobold demonologists (D)
  A slime creature (D)
  A yak (D)
  4 trapdoor spiders (D)
  A wasp (D)
  An ogre (D)
  Sigmund (D)
  A jelly (D)
  Ijyb (D)
  2 giant eyeballs (D)
18 creatures vanquished.

Notes
Turn   | Place    | Note
--------------------------------------------------------------
     0 | D        | Monkaria, the Troll Monk, began the quest for the Orb.
     0 | D        | Reached XP level 1. HP: 22/22 MP: 1/1
     2 | D        | Noticed Ijyb
    22 | D        | Killed Ijyb
    22 | D        | Reached XP level 2. HP: 25/33 MP: 1/1
    38 | D        | Noticed an ogre
    44 | D        | Killed an ogre
    44 | D        | Reached skill level 7 in Fighting
    44 | D        | Reached XP level 3. HP: 8/48 MP: 2/2
    44 | D        | Reached XP level 4. HP: 9/57 MP: 2/2
   128 | D        | Noticed Sigmund
   153 | D        | Killed Sigmund
   153 | D        | Reached XP level 5. HP: 9/63 MP: 2/2
   263 | D        | Found a deep blue altar of Sif Muna.
   264 | D        | Noticed a jelly
   265 | D        | Found a radiant altar of Vehumet.
   267 | D        | Killed a jelly
   267 | D        | Reached skill level 8 in Unarmed Combat
   278 | D        | Found Gaaf Asutt's Weapon Emporium.
   278 | D        | Found a white marble altar of Elyvilon.
   278 | D        | Found a stormy altar of Qazlal.
   278 | D        | Found a burning altar of Makhleb.
   278 | D        | Found a sacrificial altar of Ru.
   278 | D        | Found a basalt altar of Yredelemnul.
   278 | D        | Found a glowing golden altar of the Shining One.
   278 | D        | Found a sparkling altar of Nemelex Xobeh.
   278 | D        | Found a shimmering altar of Xom.
   278 | D        | Found an opulent altar of Gozag.
   278 | D        | Found an ancient bone altar of Kikubaaqudgha.
   278 | D        | Found a glowing silver altar of Zin.
   278 | D        | Noticed a yak
   287 | D        | Killed a yak
   287 | D        | Reached skill level 10 in Unarmed Combat
   287 | D        | Reached XP level 6. HP: 28/72 MP: 3/3
   288 | D        | Found an iron altar of Okawaru.
   304 | D        | Found a bloodstained altar of Trog.
   306 | D        | Became a worshipper of Makhleb the Destroyer
   306 | D        | Acquired Makhleb's first power
   306 | D        | Acquired Makhleb's second power
   369 | D        | Found a viscous altar of Jiyva.
   369 | D        | Found a blossoming altar of Fedhas.
   369 | D        | Noticed a slime creature
   370 | D        | Found a snail-covered altar of Cheibriados.
   370 | D        | Found a shadowy altar of Dithmenos.
   376 | D        | Killed a slime creature
   376 | D        | Reached skill level 12 in Unarmed Combat
   376 | D        | Reached XP level 7. HP: 69/79 MP: 3/3
   401 | D        | Noticed a kobold demonologist
   404 | D        | Noticed a kobold demonologist
   409 | D        | Killed a kobold demonologist
   409 | D        | Reached skill level 14 in Unarmed Combat
   415 | D        | Killed a kobold demonologist
   415 | D        | Acquired Makhleb's third power
   415 | D        | Reached XP level 8. HP: 88/88 MP: 3/3
   422 | D        | Noticed a demonic crawler
   422 | D        | Noticed a demonic crawler
   422 | D        | Noticed a demonic crawler
   422 | D        | Noticed a demonic crawler
   549 | D        | Noticed a centaur warrior
   550 | D        | Noticed a centaur warrior
   587 | D        | Killed a centaur warrior
   587 | D        | Reached skill level 16 in Unarmed Combat
   590 | D        | Killed a centaur warrior
   590 | D        | Acquired Makhleb's fourth power
   590 | D        | Reached skill level 18 in Unarmed Combat
   590 | D        | Reached XP level 9. HP: 41/96 MP: 4/4
   686 | D        | Noticed a wasp
   688 | D        | Paralysed by a wasp for 1 turns
   689 | D        | Killed a wasp
   701 | D        | Noticed an oklob plant
   704 | D        | Killed an oklob plant
   711 | D        | Noticed a trapdoor spider
   713 | D        | Killed a trapdoor spider
   716 | D        | Noticed a trapdoor spider
   732 | D        | Killed a trapdoor spider
   821 | D        | Noticed a trapdoor spider
   824 | D        | Noticed a trapdoor spider
   856 | D        | Killed a trapdoor spider
   856 | D        | Acquired Makhleb's fifth power
   863 | D        | Killed a trapdoor spider
   906 | D        | Noticed a jelly
   906 | D        | Noticed a jelly
   906 | D        | Noticed a jelly
   909 | D        | Noticed a jelly
   909 | D        | Noticed a jelly
   909 | D        | Noticed a jelly
   909 | D        | Noticed a jelly
   941 | D        | HP: 3/96 [something (6)]
   942 | D        | Slain by an unseen horror

Action                   |  1- 3 |  4- 6 |  7- 9 || total
-------------------------+-------+-------+-------++-------
Melee: Unarmed           |    25 |    39 |    57 ||   121
  Use: Potion            |       |     1 |     3 ||     4
       Scroll            |       |       |     1 ||     1
 Stab: Sleeping          |       |       |     2 ||     2
  Eat: Chunk             |       |     2 |     6 ||     8
